 Dungeon Crawl Stone Soup version 0.29.1-13-g9f3cf754e1 (webtiles) character file.

Game seed: 299346144736098745

18 Thatpatchoflichen the Trooper (level 2, 0/33 HPs)
             Began as an Ogre Fighter on Feb 1, 2023.
             Slain by a jackal (3 damage)
             ... on level 1 of the Dungeon.
             The game lasted 00:01:16 (726 turns).

Thatpatchoflichen the Trooper (Ogre Fighter)         Turns: 726, Time: 00:01:16

Health: 0/33       AC:  3    Str: 19    XL:     2   Next: 70%
Magic:  2/2        EV:  8    Int:  9    God:
Gold:   35         SH:  7    Dex:  8    Spells: 1/1 levels left

rFire   . . .      SeeInvis .   a - +0 trident
rCold   . . .      Faith    .   c - +0 kite shield
rNeg    . . .      Spirit   .   b - +0 robe
rPois   .          Reflect  .   (helmet restricted)
rElec   .          Harm     .   (no cloak)
rCorr   .          Rampage  .   (gloves unavailable)
Will    .....                   (boots unavailable)
Stlth   +.........              (no amulet)
HPRegen 0.11/turn               (no ring)
MPRegen 0.08/turn               (no ring)

@: no status effects
A: large, unfitting armour, tough skin 1
a: no special abilities


You were on level 1 of the Dungeon.
You visited 1 branch of the dungeon, and saw 2 of its levels.

You collected 35 gold pieces.

Inventory:

Hand Weapons
 a - a +0 trident (weapon)
Armour
 b - a +0 robe (worn)
 c - a +0 kite shield (worn)
Scrolls
 g - a scroll of poison {unknown}
 h - a scroll of identify {unknown}
 i - a scroll of amnesia {unknown}
Potions
 d - a potion of might
 e - 2 potions of curing {unknown}
 f - a potion of degeneration {unknown}
 j - a potion of brilliance {unknown}


   Skills:
 + Level 4.3 Fighting
 + Level 2.3 Polearms
 + Level 2.9 Dodging
 + Level 3.2 Shields


You had one spell level left.
You didn't know any spells.
Your spell library contained the following spells:

 Spells                   Type           Power      Damage    Failure   Level
 Scorch                   Fire           0%         2d5       82%         2
 Flame Wave               Conj/Fire      0%         2d4       100%        4
 Summon Cactus Giant      Summ           0%         N/A       100%        6


Dungeon Overview and Level Annotations

Branches:
Dungeon (2/15)

Altars:


Innate Abilities, Weirdness & Mutations

You are too large for most types of armour.
You have tough skin. (AC +1)


Message History

You hit the endoplasm.
You kill the endoplasm!
The giant cockroach bites you. The giant cockroach bites you. x2
You closely miss the giant cockroach. You block the giant cockroach's attack.
You completely miss the giant cockroach.
You block the giant cockroach's attack. The giant cockroach bites you.
You puncture the giant cockroach!
You kill the giant cockroach!
A gnoll and 2 jackals come into view.
The jackal barks! x2
A jackal comes into view.
There are monsters nearby!
The gnoll shouts!
The jackal barks!
A kobold comes into view. It is wielding a +0 dagger.
You completely miss the gnoll. The gnoll hits you with a +0 club.
The jackal bites you but does no damage.
The gnoll barely misses you.
The kobold throws a stone.
The stone hits you but does no damage.
You closely miss the gnoll.
A jackal comes into view.
You block the jackal's attack. The gnoll closely misses you.
The kobold throws a stone.
You block the stone.
The jackal moves out of view.
You closely miss the gnoll. The gnoll hits you with a +0 club.
The jackal barely misses you. x2
You completely miss the gnoll. The jackal bites you. The jackal misses you.
The gnoll hits you with a +0 club. The jackal barely misses you. x2
You block the jackal's attack. The gnoll hits you with a +0 club.
Unknown command.
The jackal barks!
You hit the gnoll.
The gnoll is moderately wounded.
The jackal bites you but does no damage.
The jackal closely misses you. The jackal barely misses you.
The jackal bites you.
* * * LOW HITPOINT WARNING * * *
The gnoll hits you with a +0 club.
* * * LOW HITPOINT WARNING * * *
You block the jackal's attack. The jackal bites you.
You die...

.#...#...#..###
..#...#...#..###
#...#...#...#..## .#
..#...#.).#...#.#
...#...#...#...#...#
#...#...#...#...#.#
#^.h#...#...#...#
#g@.#...#...#.#
#.hh#h..#...#...#
#...#...#...#...#.##
...#...#...#...#....#
.#...#...#...#.[.#..#
..#...#...#...#....#
# ..#...#...#...#..#
####
.#...#...#...#....#
...##
..#...#...#.....##


You could see a gnoll and 4 jackals.

Vanquished Creatures
  4 ball pythons
  2 endoplasms (D:1)
  3 giant cockroaches (D:1)
  A goblin (D:1)
  A hobgoblin (D:1)
  2 bats (D:1)
  2 frilled lizards (D:2)
  A rat (D:1)
16 creatures vanquished.

Notes
Turn   | Place    | Note
-------+----------+-------------------------------------------
     0 | D:1      | Thatpatchoflichen the Ogre Fighter began the quest for the
                  | Orb.
     0 | D:1      | Reached XP level 1. HP: 24/24 MP: 1/1
   228 | D:1      | Reached XP level 2. HP: 21/32 MP: 2/2
   726 | D:1      | Slain by a jackal

Illustrated notes

Levels and vault maps discovered:
D:1:      dpeg_chamrin_arrival_tetris, layout_loops_ring,
          shapermc_ecumenical_altar_rom_forum, hex_large, minmay_pentomino_t2
D:2:      layout_rooms, uniq_natasha

Action                   || total
-------------------------++-------
Melee: Trident           ||    54
Armor: Robe              ||    40
Dodge: Dodged            ||    33
Block: Kite shield       ||    46
